 Dungeon Crawl Stone Soup version 0.29-a0-219-g0a02b1cf4f (webtiles) character file.

Game seed: 2961377812337778197

510 sammy202020 the Skirmisher (level 6, 49/49 HPs)
             Began as a Demonspawn Berserker on Feb 25, 2022.
             Was a Priest of Trog.
             Quit the game on level 4 of the Dungeon.
             The game lasted 00:08:59 (3349 turns).

sammy202020 the Skirmisher (Demonspawn Berserker)   Turns: 3349, Time: 00:08:59

Health: 49/49      AC:  8    Str: 20    XL:     6   Next: 98%
Magic:  6/6        EV: 11    Int:  8    God:    Trog [***...]
Gold:   156        SH:  0    Dex: 12    Spells: 5/5 levels left

rFire   . . .      SeeInvis +   a - +0 spear
rCold   . . .      Faith    .   (no shield)
rNeg    + . .      Spirit   .   f - +1 scale mail
rPois   .          Reflect  .   (no helmet)
rElec   .          Harm     .   (no cloak)
rCorr   .          Rampage  .   (no gloves)
Will    .....                   (no boots)
Stlth   ..........              k - amulet of regeneration
HPRegen 0.96/turn               v - ring of see invisible
MPRegen 0.10/turn               m - ring of positive energy

@: no status effects
A: claws 1, demonic guardian 1, weakness stinger 2
a: Renounce Religion, Berserk, Trog's Hand


You were on level 4 of the Dungeon.
You worshipped Trog.
Trog was most pleased with you.
You visited 1 branch of the dungeon, and saw 4 of its levels.

You collected 156 gold pieces.

Inventory:

Hand Weapons
 a - a +0 spear (weapon)
Missiles
 p - a throwing net (quivered)
Armour
 b - a +0 animal skin
 f - a +1 scale mail (worn)
 u - a +0 chain mail of fire resistance
Jewellery
 k - an amulet of regeneration (around neck)
 m - a ring of positive energy (right claw)
 q - a +6 ring of strength
 v - a ring of see invisible (left claw)
 y - a ring of protection from cold
Wands
 s - a wand of paralysis (6)
Scrolls
 h - a scroll of amnesia
 i - a scroll of fog
 n - 2 scrolls of identify {unknown}
 w - a scroll of teleportation
 x - a scroll of magic mapping {unknown}
 z - a scroll of enchant weapon {unknown}
 A - a scroll of enchant armour
Potions
 c - a potion of heal wounds {unknown}
 d - 2 potions of mutation {unknown}
 e - a potion of ambrosia {unknown}
 g - 4 potions of curing
 j - 2 potions of lignification {unknown}
 l - a potion of brilliance {unknown}
 o - a potion of resistance {unknown}
 r - a potion of flight {unknown}
 t - a potion of magic {unknown}


   Skills:
 + Level 4.7 Fighting
 + Level 4.2 Polearms
 + Level 3.7 Armour
 + Level 3.7 Dodging


You had 5 spell levels left.
You didn't know any spells.
Your spell library was empty.

Dungeon Overview and Level Annotations

Branches:
Dungeon (4/15)
 Temple: D:4-7

Altars:
Makhleb


Innate Abilities, Weirdness & Mutations

You have sharp fingernails.
A weak demonic guardian rushes to your aid.
You have a tail ending in a sharp stinger.


Message History

You closely miss the scorpion.
The scorpion is severely wounded.
You feel sick.
The scorpion stings you but does no damage.
You closely miss the scorpion.
Your tail-slap misses the scorpion.
You claw the scorpion, but do no damage.
The scorpion is severely wounded.
You feel sick. The scorpion stings you.
You are more poisoned.
The scorpion poisons you!
You hit the scorpion.
Your tail-slap misses the scorpion.
The scorpion is almost dead.
You feel very sick. The scorpion stings you.
You closely miss the scorpion.
The scorpion is almost dead.
You feel sick.
The scorpion stings you but does no damage.
You closely miss the scorpion.
The scorpion is almost dead.
You feel very sick. The scorpion stings you.
You are too injured to fight recklessly!
You hit the scorpion.
You kill the scorpion!
Trog accepts your kill.
You feel sick.
You feel sick.
You feel sick.
You feel sick.
You feel sick.
You feel sick.
You feel sick.
You feel sick.
You are no longer poisoned.
n - 2 scrolls labelled QIVI QEXOLL (gained 1)
z - a scroll labelled YNUKEP HUDDEOH
A - a scroll of enchant armour Unknown command.
Are you sure you want to abandon this character and quit the game? (Confirm with "yes".)

......##.##.....########
#.....##.##....##
#.....##.##....#
#.....##.#######
#.....##.# #.....##.#
#<....##.# #.###########
#.#......@..#
#.#.#######.# #.#.# #
#.#.# #.#.# #.#.# #.#.#
#.#.# #...#


There were no monsters in sight!

Vanquished Creatures
  2 ogres (D:4)
  A phantom (D:4)
  A scorpion (D:4)
  4 gnolls (D:3)
  4 adders
  A worm (D:2)
  2 dart slugs
  2 orcs
  8 endoplasms
  3 giant cockroaches
  6 goblins
  8 hobgoblins
  7 jackals
  2 quokkas
  5 ball pythons
  9 bats
  2 frilled lizards (D:1)
  6 kobolds
  3 rats
76 creatures vanquished.

Vanquished Creatures (collateral kills)
  An iguana (D:4)
  Ijyb (D:3)
  An orc (D:4)
3 creatures vanquished.

Grand Total: 79 creatures vanquished

Notes
Turn   | Place    | Note
-------+----------+-------------------------------------------
     0 | D:1      | sammy202020 the Demonspawn Berserker began the quest for
                  | the Orb.
     0 | D:1      | Reached XP level 1. HP: 18/18 MP: 1/1
   318 | D:1      | Discovered your monstrous ancestry.
   318 | D:1      | Gained mutation: You have a small tail. [demonic ancestry]
   318 | D:1      | Reached XP level 2. HP: 20/24 MP: 2/2
   584 | D:1      | Reached ** piety under Trog
   880 | D:1      | Gained mutation: A weak demonic guardian rushes to your
                  | aid. [demonic ancestry]
   880 | D:1      | Reached XP level 3. HP: 26/29 MP: 3/3
  1714 | D:2      | Found a faded altar of an unknown god.
  1993 | D:3      | Noticed Ijyb
  1997 | D:3      | Paralysed by Ijyb for 6 turns
  2021 | D:3      | Paralysed by Ijyb for 7 turns
  2021 | D:3      | Killed Ijyb
  2022 | D:3      | Reached XP level 4. HP: 18/36 MP: 4/4
  2107 | D:3      | Found a burning altar of Makhleb.
  2196 | D:3      | Gained mutation: You have a tail ending in a sharp stinger.
                  | [demonic ancestry]
  2196 | D:3      | Reached XP level 5. HP: 41/42 MP: 5/5
  2713 | D:4      | Noticed a phantom
  2722 | D:4      | Killed a phantom
  2829 | D:4      | Reached *** piety under Trog
  2851 | D:4      | Noticed an ogre
  2867 | D:4      | Killed an ogre
  2868 | D:4      | Gained mutation: You have sharp fingernails. [demonic
                  | ancestry]
  2868 | D:4      | Reached XP level 6. HP: 12/49 MP: 6/6
  3349 | D:4      | Quit the game

Illustrated notes

Levels and vault maps discovered:
D:1:      lemuel_arrival_cross, layout_rooms, minmay_tetromino_o4
D:2:      layout_basic, basic_ecumenical_altar, chequers_jeans
D:3:      layout_basic, mainiacjoe_overflow_surrounded_room, uniq_ijyb
D:4:      layout_basic, minmay_misc_feat_cross, chequers_decorated_corner

Skill      XL: |  1  2  3  4  5  6 |
---------------+-------------------+-----
Armour         | 2 3 |  3.7
Dodging        | 2 3 |  3.7
Polearms       | 3 4 |  4.2
Fighting       | 4 |  4.7

Action                   |  1- 3 |  4- 6 || total
-------------------------+-------+-------++-------
Melee: Spear             |   147 |   153 ||   300
       Punch             |     1 |     2 ||     3
       Tailslap          |    12 |    20 ||    32
Invok: Berserk           |     1 |     2 ||     3
       Trog's Hand       |       |     1 ||     1
  Use: Scroll            |     1 |     3 ||     4
Armor: Animal skin       |     9 |       ||     9
       Scale mail        |    26 |    37 ||    63
Dodge: Dodged            |    62 |    53 ||   115

Table legend: (Time is in decaauts)
 A = Elapsed time spent in this place.
 B = Non-inter-level travel time spent in this place.
 C = Inter-level travel time spent in this place.
 D = Time resting spent in this place.
 E = Time spent auto-exploring this place.
 F = Levels seen in this place.
 G = Mean time per level.
                   A        B        C        D        E       F      G
               +--------+--------+--------+--------+--------+-----+--------+
         Total |   3353 |   3273 |     80 |    147 |   2410 |   4 |  838.2 |
       Dungeon |   3353 |   3273 |     80 |    147 |   2410 |   4 |  838.2 |
               +--------+--------+--------+--------+--------+-----+--------+

Top non-repeatable levels by time:
     D:1: 1096 daAuts
     D:2: 840 daAuts
     D:3: 771 daAuts
     D:4: 644 daAuts
